AoeStats
← Khirs

Hill Fort

504515605Analyzed
4v4 RM · 27d ago on Sep 5, 2026· 56m 26s· 8 players
Game mode
Random Map
Map size
Large (8 player)
Population
200
Speed
Normal
Resources
Standard
Victory
Conquest
Starting age
Dark Age
Ending age
Imperial Age
RankedLock teamsTeams togetherTeam positionsShared explorationLock speedFull tech treeHidden civsTurbo modeCheats
Victory
Defeat
🇪🇸 Chinese · Spain
835
+12
🇸🇬 Portuguese · Singapore
800
+14
🇨🇳 Huns · China
794
+14
🇪🇸 Spanish · Spain
781
+14
🇪🇨 Sicilians · Ecuador
809
-16
🇹🇼 Byzantines · Taiwan
789
-15
🇸🇪 Britons · Sweden
702
-12
🇨🇦 Byzantines · Canada
688
-11
pauss33
2:45 Loom
10:48 Feudal Age
12:06 Wheelbarrow
11:21 Double-Bit Axe
14:29 Horse Collar
20:51 Castle Age
19:18 Stone Mining
19:19 Gold Mining
19:54 Scale Mail Armor
20:04 Forging
19:19 Man-at-Arms
21:20 Forging
21:48 Hand Cart
21:37 Heavy Plow
22:07 Bow Saw
23:04 Gambesons
24:13 Stone Shaft Mining
24:39 Long Swordsman
26:56 Caravan
36:32 Imperial Age
36:32 Chain Mail Armor
36:53 Iron Casting
36:45 Two-Handed Swordsman
39:28 Champion
41:22 Elite Conquistador
43:45 Plate Mail Armor
44:16 Blast Furnace
Khirs
0:40 Loom
10:37 Feudal Age
11:13 Double-Bit Axe
11:20 Horse Collar
20:46 Castle Age
19:31 Gold Mining
20:15 Padded Archer Armor
20:39 Fletching
21:31 Forging
20:48 Pikeman
22:22 Bow Saw
21:58 Crossbowman
22:59 Heavy Plow
23:45 Stone Mining
26:28 Thumb Ring
27:19 Leather Archer Armor
30:58 Ballistics
36:09 Imperial Age
35:34 Bodkin Arrow
35:51 Great Wall
37:58 Chemistry
36:30 Capped Ram
38:08 Conscription
43:57 Bracer
46:28 Siege Ram
48:04 Gold Shaft Mining
48:20 Rocketry
50:46 Ring Archer Armor
51:59 Elite Chu Ko Nu
⚔vAgAbond🔫
1:19 Loom
11:29 Feudal Age
14:25 Double-Bit Axe
14:37 Horse Collar
17:20 Wheelbarrow
20:56 Castle Age
19:45 Stone Mining
22:54 Bow Saw
23:25 Stone Shaft Mining
23:03 Heavy Plow
25:38 Fletching
26:41 Circumnavigation
28:52 Gold Mining
30:32 Hand Cart
31:05 Bodkin Arrow
35:13 Imperial Age
36:17 Conscription
36:02 Bracer
37:33 Two-Man Saw
39:34 Crop Rotation
40:24 Guilds
40:15 Caravan
41:13 Elite Organ Gun
42:19 Forging
44:03 Arquebus
45:16 Chemistry
44:22 Siege Engineers
44:38 Ballistics
47:53 Iron Casting
47:19 Scale Mail Armor
50:40 Onager
JOE
0:31 Loom
11:22 Feudal Age
20:54 Castle Age
19:36 Horse Collar
19:46 Double-Bit Axe
19:57 Gold Mining
19:58 Stone Mining
22:03 Wheelbarrow
25:46 Hand Cart
26:21 Gold Shaft Mining
26:38 Bow Saw
26:32 Heavy Plow
28:16 Scale Barding Armor
28:22 Forging
29:20 Masonry
29:47 Marauders
32:58 Caravan
38:41 Imperial Age
37:10 Chain Barding Armor
37:25 Iron Casting
37:41 Husbandry
38:38 Bloodlines
38:35 Light Cavalry
40:03 Hussar
42:27 Conscription
42:28 Atheism
44:31 Blast Furnace
47:38 Plate Barding Armor
49:47 Elite Tarkan
Genghis Mike
0:29 Loom
10:59 Feudal Age
15:28 Town Watch
23:31 Double-Bit Axe
28:30 Castle Age
29:28 Bow Saw
29:59 Scale Mail Armor
30:36 Gambesons
30:52 Squires
33:16 Caravan
33:55 Pikeman
37:32 Chain Mail Armor
37:27 Forging
42:31 Town Patrol
46:44 First Crusade
46:25 Horse Collar
47:25 Iron Casting
51:36 Imperial Age
49:32 Heavy Plow
51:56 Wheelbarrow
52:02 Halberdier
52:03 Elite Serjeant
52:45 Capped Ram
55:53 Blast Furnace
55:23 Plate Mail Armor
54:43 Fletching
54:53 Padded Archer Armor
chatonbrutal
10:26 Loom
15:12 Feudal Age
20:33 Castle Age
19:01 Double-Bit Axe
19:24 Horse Collar
23:19 Bow Saw
27:24 Heavy Plow
31:16 Pikeman
31:57 Squires
31:42 Gambesons
31:43 Arson
38:40 Imperial Age
38:23 Wheelbarrow
38:26 Gold Mining
38:26 Stone Mining
41:26 Stone Shaft Mining
41:26 Gold Shaft Mining
41:53 Chemistry
41:14 Ballistics
40:35 Treadmill Crane
40:57 Padded Archer Armor
40:47 Fletching
40:58 Scale Mail Armor
41:09 Forging
42:00 Hand Cart
43:07 Crop Rotation
43:41 Two-Man Saw
43:38 Fervor
43:39 Redemption
46:01 Chain Mail Armor
46:21 Iron Casting
46:01 Leather Archer Armor
45:42 Bodkin Arrow
45:52 Scale Barding Armor
45:53 Devotion
46:28 Theocracy
46:18 Illumination
45:58 Halberdier
46:45 Husbandry
47:50 Light Cavalry
48:11 Elite Skirmisher
48:56 Thumb Ring
48:11 Crossbowman
49:55 Conscription
50:13 Faith
50:10 Block Printing
50:28 Plate Mail Armor
50:28 Ring Archer Armor
49:59 Bracer
49:47 Arrowslits
50:12 Fortified Wall
49:58 Murder Holes
50:43 Arbalester
52:42 Coinage
52:13 Caravan
52:23 Guilds
54:25 Heavy Camel Rider
princesskenny654
2:35 Loom
10:32 Feudal Age
11:09 Double-Bit Axe
20:54 Castle Age
19:30 Horse Collar
20:37 Gold Mining
20:38 Stone Mining
21:49 Wheelbarrow
21:59 Bow Saw
22:04 Caravan
25:08 Stone Shaft Mining
27:23 Hand Cart
28:50 Gambesons
29:15 Heavy Plow
29:12 Pikeman
30:12 Treadmill Crane
30:28 Murder Holes
30:54 Ballistics
31:45 Squires
31:42 Fletching
31:53 Padded Archer Armor
31:54 Scale Mail Armor
32:05 Forging
32:01 Scale Barding Armor
35:24 Imperial Age
33:19 Arson
33:22 Crossbowman
35:05 Husbandry
36:29 Conscription
36:26 Thumb Ring
36:27 Elite Skirmisher
38:10 Bodkin Arrow
38:31 Leather Archer Armor
38:42 Heavy Camel Rider
40:29 Chain Barding Armor
41:40 Hoardings
43:47 Plate Barding Armor
43:13 Bracer
43:44 Ring Archer Armor
46:13 Chemistry
46:47 Two-Man Saw
AmBa /
0:32 Loom
14:19 Feudal Age
15:22 Double-Bit Axe
15:19 Horse Collar
24:51 Wheelbarrow
26:59 Castle Age
25:49 Stone Mining
28:47 Bow Saw
28:57 Heavy Plow
29:06 Caravan
28:36 Light Cavalry
32:23 Hand Cart
32:11 Pikeman
33:27 Heated Shot
34:21 Town Watch
38:30 Imperial Age
37:33 Forging
37:47 Ballistics
40:07 Elite Longbowman
43:21 Chemistry
44:11 Padded Archer Armor
44:47 Iron Casting
44:02 Fletching
45:54 Gold Mining
48:25 Hoardings
51:27 Sanctity
Connection lost

Rejoining the realm…

Still unreachable

The connection could not be restored.

Session expired

The server has moved on; the page needs a fresh start.